 Dungeon Crawl Stone Soup version 0.29-a0-91-gdebf4667c2 (webtiles) character file.

Game seed: 14984503555627513905

786 killozap the Slasher (level 7, -4/50 (62) HPs)
             Began as a Minotaur Fighter on Feb 7, 2022.
             Was an Initiate of Cheibriados.
             Splashed by a jelly's acid (9 damage)
             ... on level 5 of the Dungeon.
             The game lasted 00:07:42 (4097 turns).

killozap the Slasher (Minotaur Fighter)             Turns: 4097, Time: 00:07:43

HP:   -4/50 (62)    AC:  6    Str: 23    XL:     7   Next: 56%
MP:   6/6           EV:  9    Int:  6    God:    Cheibriados [......]
Gold: 184           SH:  5    Dex: 11    Spells: 6/6 levels left

rFire   . . .      SeeInvis .   a - +0 long sword
rCold   . . .      Faith    .   c - +0 buckler
rNeg    . . .      Spirit   .   b - +0 scale mail
rPois   +          Reflect  .   (helmet restricted)
rElec   .          Harm     .   (no cloak)
rCorr   .          Rampage  .   u - +2 pair of gloves
Will    .....                   (no boots)
Stlth   ..........              (no amulet)
HPRegen 0.16/turn               l - ring of poison resistance
MPRegen 0.10/turn               n - ring of wizardry

@: corroded, heavily drained, very slow
A: horns 2, retaliatory headbutt
a: Renounce Religion


You were on level 5 of the Dungeon.
You worshipped Cheibriados.
Cheibriados was noncommittal.
You visited 2 branches of the dungeon, and saw 6 of its levels.

You collected 184 gold pieces.

Inventory:

Hand Weapons
 a - a +0 long sword (weapon)
Missiles
 q - 5 boomerangs (quivered)
Armour
 b - a +0 scale mail (worn)
 c - a +0 buckler (worn)
 u - a +2 pair of gloves (worn)
Jewellery
 g - a +4 ring of protection
 l - a ring of poison resistance (left hand)
 n - a ring of wizardry (right hand)
 p - a ring of fire
Wands
 t - a wand of flame (22)
Scrolls
 e - a scroll of vulnerability {unknown}
 f - a scroll of enchant weapon {unknown}
 h - 4 scrolls of identify {unknown}
 k - 3 scrolls of fear {unknown}
 m - 2 scrolls of noise {unknown}
Potions
 d - a potion of might
 i - 2 potions of invisibility {unknown}
 j - a potion of haste {unknown}
 o - a potion of magic {unknown}
 r - a potion of resistance {unknown}
 s - a potion of cancellation {unknown}
 v - a potion of lignification {unknown}


   Skills:
 + Level 5.8 Fighting
 * Level 6.9 Long Blades
 + Level 5.9 Armour
 - Level 5.4 Shields


You had 6 spell levels left.
You didn't know any spells.
Your spell library contained the following spells:

 Spells                   Type           Power      Damage    Failure   Level
 Pain                     Necr           0%         1d4       50%         1
 Sandblast                Erth           0%         2d4       50%         1
 Passwall                 Tmut/Erth      0%         N/A       63%         2
 Ozocubu's Armour         Ice            0%         N/A       85%         3
 Stone Arrow              Conj/Erth      0%         3d7       85%         3
 Agony                    Necr           0%         N/A       100%        5
 Excruciating Wounds      Necr           0%         N/A       100%        5
 Metabolic Englaciation   Hex/Ice        0%         N/A       100%        5
 Simulacrum               Ice/Necr       0%         N/A       100%        6


Dungeon Overview and Level Annotations

Branches:
Dungeon (5/15)             Temple (1/1) D:4

Altars:
Cheibriados
Elyvilon
Hepliaklqana
Okawaru
Ru
Trog
Xom
Yredelemnul
Zin
The Shining One
Lugonu

Annotations:
D:5 Dowan


Innate Abilities, Weirdness & Mutations

You have a pair of horns on your head.
You reflexively headbutt those who attack you in melee.


Message History

Duvessa hits you with a +0 short sword of draining.
You feel drained.
Duvessa hits you with a +0 short sword of draining.
You feel drained.
You hit Duvessa but do no damage. You headbutt Duvessa, but do no damage.
Duvessa is moderately wounded.
Duvessa hits you with a +0 short sword of draining.
You feel drained. Duvessa closely misses you. You furiously retaliate!
You headbutt Duvessa! You hit Duvessa. You headbutt Duvessa, but do no damage.
Duvessa is severely wounded.
Duvessa hits you with a +0 short sword of draining.
* * * LOW HITPOINT WARNING * * *
You feel drained.
* * * LOW HITPOINT WARNING * * *
You hit Duvessa. Your headbutt misses Duvessa.
Duvessa is almost dead.
Duvessa barely misses you. x2; You furiously retaliate!
You headbutt Duvessa. You slash Duvessa!
You kill Duvessa!
Cheibriados thoroughly appreciates the change of pace.
Dowan screams, "No!
Oh no!"
Dowan seems to find hidden reserves of power!
Dowan says, "How can I live without her?"
You block the jelly's attack. The adder bites you but does no damage.
The jelly hits you but does no damage.
Dowan casts a spell.
Dowan blinks!
The adder completely misses you. The adder bites you.
* * * LOW HITPOINT WARNING * * *
Okay, then.
Okay, then.
Dowan mumbles some strange words.
Dowan blinks!
The jelly jiggles.
The jelly hits you.
* * * LOW HITPOINT WARNING * * *
The acid corrodes you!
You are splashed with acid!
You die...

##.[.....##
#.........#
#.........#
#.........#
#.........#
#..e...<..#
##.......##
#.........#
#.......@.#
#.....§.JS#
#.........#
#.........#
.........§..#
#####.......##
###......#####
#..####.....#
####.#####.....#


You could see Dowan (fast), a jelly and an adder.

Vanquished Creatures
  Duvessa (D:5)
  A phantom (D:3)
  A kobold brigand (D:3)
  The ghost of lordive the Shooter, a weakling MiHu (D:3)
  A bullfrog zombie (D:3)
  3 jellies
  An orc priest (D:4)
  2 hounds (D:4)
  Natasha (thrice) (D:3)
  A howler monkey zombie (D:4)
  Robin (D:2)
  3 gnolls (D:3)
  2 howler monkey skeletons (D:4)
  5 adders
  2 worms (D:4)
  3 dart slugs
  An orc (D:3)
  9 ball pythons
  3 bats
  6 endoplasms
  3 giant cockroaches
  12 goblins
  8 hobgoblins
  4 jackals
  3 quokkas
  3 frilled lizards (D:1)
  12 kobolds
  8 rats
103 creatures vanquished.

Notes
Turn   | Place    | Note
-------+----------+-------------------------------------------
     0 | D:1      | killozap the Minotaur Fighter began the quest for the Orb.
     0 | D:1      | Reached XP level 1. HP: 19/19 MP: 0/0
    75 | D:1      | Reached XP level 2. HP: 26/27 MP: 1/1
   154 | D:1      | Found a faded altar of an unknown god.
   200 | D:1      | Reached skill level 3 in Long Blades
   451 | D:2      | Reached XP level 3. HP: 32/33 MP: 2/2
   495 | D:2      | Noticed Robin
   522 | D:2      | Killed Robin
   798 | D:2      | Found a glowing golden altar of the Shining One.
   799 | D:2      | You fall into a shaft and drop 2 floors!
   803 | D:3      | Noticed a kobold brigand
   803 | D:3      | Noticed lordive's ghost (weakling MiHu)
   803 | D:3      | Found a runed translucent gate.
   803 | D:3      | Found a runed translucent gate.
   803 | D:3      | Found a runed translucent gate.
   968 | D:3      | Reached XP level 4. HP: 40/40 MP: 3/3
  1847 | D:3      | Reached skill level 4 in Long Blades
  1869 | D:3      | Reached XP level 5. HP: 41/47 MP: 4/4
  2059 | D:3      | Found an iron altar of Okawaru.
  2081 | D:3      | Noticed Natasha
  2088 | D:3      | Killed Natasha
  2212 | D:3      | Noticed Natasha
  2229 | D:3      | Killed Natasha
  2341 | D:3      | Noticed Natasha
  2344 | D:3      | Killed Natasha
  2356 | D:3      | Reached skill level 5 in Long Blades
  2516 | D:3      | Reached skill level 5 in Fighting
  2516 | D:3      | Reached skill level 5 in Armour
  2516 | D:3      | Reached skill level 5 in Shields
  2516 | D:3      | Reached XP level 6. HP: 46/56 MP: 5/5
  2545 | D:3      | Killed lordive's ghost
  3157 | D:4      | Reached skill level 6 in Long Blades
  3157 | D:4      | Reached XP level 7. HP: 57/61 MP: 6/6
  3546 | D:4      | Found a staircase to the Ecumenical Temple.
  3557 | Temple   | Entered the Ecumenical Temple
  3646 | Temple   | Became a worshipper of Cheibriados the Contemplative
  3674 | D:4      | Found a hazy altar of Hepliaklqana.
  3677 | D:4      | Found a shimmering altar of Xom.
  3678 | D:4      | Noticed a spectral ugly thing
  3889 | D:5      | Entered Level 5 of the Dungeon
  4069 | D:5      | Noticed Duvessa
  4069 | D:5      | Noticed Dowan
  4087 | D:5      | Killed Duvessa
  4097 | D:5      | Splashed by a jelly's acid

Illustrated notes

Levels and vault maps discovered:
D:1:      minmay_arrival_glassed_features, layout_basic,
          dreamdust_ecumenical_altar_statues, minmay_octomino_c4
D:2:      layout_basic, basic_altar, uniq_robin
D:3:      layout_loops_ring, mainiacjoe_overflow_chevrons,
          gammafunk_ghost_nasty_kobolds, st_stairs_13, uniq_natasha
D:4:      layout_rooms, regret_index_temple_of_mockery,
          minmay_temple_entry_proselytizer
D:5:      layout_rooms, nicolae_overflows_in_rows, biasface_ghost_orc_armoury,
          uniq_sigmund, uniq_duvessa
Temple:   corrupted_temple

Skill      XL: |  1  2  3  4  5  6 |
---------------+-------------------+-----
Long Blades    | 3 4 5 6 |  6.9
Armour         | 4 5 |  5.9
Shields        | 4 5 |  5.4
Fighting       | 4 5 |  5.8

Action                   |  1- 3 |  4- 6 |  7- 9 || total
-------------------------+-------+-------+-------++-------
Melee: Long sword        |    83 |   132 |    56 ||   271
       Headbutt          |    10 |    15 |    11 ||    36
  Use: Potion            |     1 |       |       ||     1
Armor: Scale mail        |    48 |    49 |    14 ||   111
Dodge: Dodged            |    39 |    56 |    28 ||   123
Block: Buckler           |    14 |    28 |     8 ||    50

Table legend: (Time is in decaauts)
 A = Elapsed time spent in this place.
 B = Non-inter-level travel time spent in this place.
 C = Inter-level travel time spent in this place.
 D = Time resting spent in this place.
 E = Time spent auto-exploring this place.
 F = Levels seen in this place.
 G = Mean time per level.
                   A        B        C        D        E       F      G
               +--------+--------+--------+--------+--------+-----+--------+
         Total |   4255 |   4181 |     74 |    981 |   2417 |   6 |  709.2 |
       Dungeon |   4150 |   4076 |     74 |    981 |   2336 |   5 |  830.0 |
        Temple |    104 |    104 |      0 |      0 |     81 |   1 |  104.0 |
               +--------+--------+--------+--------+--------+-----+--------+

Top non-repeatable levels by time:
     D:3: 1613 daAuts
     D:2: 1122 daAuts
     D:4: 757 daAuts
     D:1: 434 daAuts
     D:5: 223 daAuts
  Temple: 104 daAuts
